| TOP OF THE 1ST |
|
Kannapolis Intimidators batting - Pitching for Beloit Snappers : RHP Caleb Hansberger
|
|
Pitching: RHP Caleb Hansberger
|
|
|
Batting: RHB Kunimatsu Oya
|
0-0: Called Strike 0-1: Ball 1-1: Foul Ball, location: 2F 1-2: Strikes out swinging
|
|
Batting: RHB Kaoru Hamada
|
0-0: Swinging Strike 0-1: Ball 1-1: Foul Ball, location: 2F 1-2: SINGLE (Groundball, 6M, EV 104.4 MPH) (infield hit)
|
|
Batting: RHB Tony Garcia
|
0-0: Called Strike Kaoru Hamada steals 2nd base 0-1: Swinging Strike 0-2: Strikes out looking
|
|
Batting: LHB Jesus Ramirez
|
0-0: Called Strike 0-1: Ball 1-1: Ball 2-1: Foul Ball, location: 2F 2-2: Ball 3-2: Base on Balls
|
|
Batting: RHB Nick Kleckner
|
0-0: DOUBLE (Flyball, 89D, EV 100.6 MPH) Kaoru Hamada scores Jesus Ramirez to third Runner from 3rd tries for Home, throw by RF and OUT! 9-4-2
|
| Top of the 1st over - 1 run, 2 hits, 0 errors, 1 left on base; Kannapolis 1 - Beloit 0 |
| BOTTOM OF THE 1ST |
|
Beloit Snappers batting - Pitching for Kannapolis Intimidators : RHP Jake Milligan
|
|
Pitching: RHP Jake Milligan
|
|
|
Batting: RHB Manny Moron
|
0-0: Foul Ball, location: 2F 0-1: SINGLE (Groundball, 56D, EV 97.5 MPH)
|
|
Batting: RHB Moses Brokken
|
0-0: Ball 1-0: Called Strike 1-1: Foul Ball, location: 2F 1-2: Ball 2-2: Fielders Choice at 2nd, 6-4 (Groundball, 6S, EV 92.5 MPH)
|
|
Batting: LHB Nate Melendez
|
0-0: Ball 1-0: Ball 2-0: Ball 3-0: Called Strike 3-1: Called Strike 3-2: Foul Ball, location: 2F 3-2: Fly out, F7 (Line Drive, 7, EV 94.4 MPH)
|
|
Batting: RHB Rafael Alarcon
|
0-0: Called Strike Moses Brokken is caught stealing 2nd base 2-4
|
| Bottom of the 1st over - 0 runs, 1 hit, 0 errors, 0 left on base; Kannapolis 1 - Beloit 0 |
| TOP OF THE 2ND |
|
Kannapolis Intimidators batting - Pitching for Beloit Snappers : RHP Caleb Hansberger
|
|
Batting: RHB Toichiro Fujimoto
|
0-0: Foul Ball, location: 2F 0-1: Ball 1-1: Ground out 4-3 (Groundball, 34, EV 106.9 MPH)
|
|
Batting: SHB Noah Long
|
0-0: Swinging Strike 0-1: Ball 1-1: Ball 2-1: Foul Ball, location: 2F 2-2: Foul Ball, location: 2F 2-2: Ground out 6-3 (Groundball, 6, EV 79.4 MPH)
|
|
Batting: RHB Santos Guadalupe
|
0-0: Ball 1-0: Ball 2-0: Called Strike 2-1: Ground out 6-3 (Groundball, 6, EV 90.0 MPH)
|
| Top of the 2nd over - 0 runs, 0 hits, 0 errors, 0 left on base; Kannapolis 1 - Beloit 0 |
| BOTTOM OF THE 2ND |
|
Beloit Snappers batting - Pitching for Kannapolis Intimidators : RHP Jake Milligan
|
|
Batting: RHB Rafael Alarcon
|
0-0: Ball 1-0: Foul Ball, location: 2F 1-1: Ball 2-1: Ball 3-1: Foul Ball, location: 2F 3-2: Base on Balls
|
|
Batting: RHB Chris Temple
|
0-0: Ball 1-0: Fly out, F8 (Flyball, 8RXD, EV 106.9 MPH)
|
|
Batting: LHB Ed Talamantes
|
0-0: Swinging Strike 0-1: Ball 1-1: Swinging Strike 1-2: Ball 2-2: Ball 3-2: Base on Balls Rafael Alarcon to second
|
|
Batting: RHB Shannon Beck
|
0-0: Called Strike 0-1: Foul Ball, location: 2F 0-2: Ball 1-2: Strikes out looking
|
|
Batting: LHB Marcus Pollard
|
0-0: Foul Ball, location: 2F 0-1: Ball 1-1: Fielders Choice at 2nd, 5-4 (Groundball, 56, EV 110.0 MPH)
|
| Bottom of the 2nd over - 0 runs, 0 hits, 0 errors, 2 left on base; Kannapolis 1 - Beloit 0 |
| TOP OF THE 3RD |
|
Kannapolis Intimidators batting - Pitching for Beloit Snappers : RHP Caleb Hansberger
|
|
Batting: LHB Jose Pereyra
|
0-0: Called Strike 0-1: Called Strike 0-2: Ball 1-2: Ground out 4-3 (Groundball, 4, EV 96.9 MPH)
|
|
Batting: RHB Kunimatsu Oya
|
0-0: Swinging Strike 0-1: Ball 1-1: Foul Ball, location: 2F 1-2: Ball 2-2: Ground out 5-3 (Groundball, 56S, EV 66.9 MPH)
|
|
Batting: RHB Kaoru Hamada
|
0-0: Ball 1-0: Foul Ball, location: 2F 1-1: Foul Ball, location: 2F 1-2: Ball 2-2: Strikes out swinging
|
| Top of the 3rd over - 0 runs, 0 hits, 0 errors, 0 left on base; Kannapolis 1 - Beloit 0 |
| BOTTOM OF THE 3RD |
|
Beloit Snappers batting - Pitching for Kannapolis Intimidators : RHP Jake Milligan
|
|
Batting: RHB Emiel Schlepers
|
0-0: Ball 1-0: Ball 2-0: Ball 3-0: Base on Balls
|
|
Batting: RHB Manny Moron
|
0-0: SINGLE (Groundball, 4M, EV 87.5 MPH) (infield hit) Emiel Schlepers to second
|
|
Batting: RHB Moses Brokken
|
0-0: Called Strike 0-1: Swinging Strike 0-2: Ball 1-2: Foul Ball, location: 2F 1-2: Ball 2-2: Fielders Choice at 2nd, 3-6 (Groundball, 34, EV 105.6 MPH) Emiel Schlepers to third
|
|
Batting: LHB Nate Melendez
|
0-0: Ball 1-0: Called Strike 1-1: Ball Wild Pitch! Emiel Schlepers scores Moses Brokken to second 2-1: Swinging Strike 2-2: Ball 3-2: SINGLE (Line Drive, 8LS, EV 113.8 MPH) Moses Brokken to third
|
|
Batting: RHB Rafael Alarcon
|
0-0: Ball 1-0: Swinging Strike 1-1: Ball 2-1: Swinging Strike 2-2: Ball 3-2: Strikes out swinging
|
|
Batting: RHB Chris Temple
|
0-0: Called Strike 0-1: Ball 1-1: Called Strike 1-2: Ball 2-2: Ball 3-2: Foul Ball, location: 2F 3-2: Strikes out swinging
|
| Bottom of the 3rd over - 1 run, 2 hits, 0 errors, 2 left on base; Kannapolis 1 - Beloit 1 |
| TOP OF THE 4TH |
|
Kannapolis Intimidators batting - Pitching for Beloit Snappers : RHP Caleb Hansberger
|
|
Batting: RHB Tony Garcia
|
0-0: Fly out, F7 (Flyball, 78S, EV 83.1 MPH)
|
|
Batting: LHB Jesus Ramirez
|
0-0: Ball 1-0: Called Strike 1-1: Ground out 6-3 (Groundball, 6, EV 78.1 MPH)
|
|
Batting: RHB Nick Kleckner
|
0-0: Fly out, F7 (Flyball, 7LM, EV 95.0 MPH)
|
| Top of the 4th over - 0 runs, 0 hits, 0 errors, 0 left on base; Kannapolis 1 - Beloit 1 |
| BOTTOM OF THE 4TH |
|
Beloit Snappers batting - Pitching for Kannapolis Intimidators : RHP Jake Milligan
|
|
Batting: LHB Ed Talamantes
|
0-0: Swinging Strike 0-1: Foul Ball, location: 2F 0-2: Strikes out swinging
|
|
Batting: RHB Shannon Beck
|
0-0: Ball 1-0: Ground out 6-3 (Groundball, 6, EV 90.6 MPH)
|
|
Batting: LHB Marcus Pollard
|
0-0: Ground out 5-3 (Groundball, 56, EV 88.8 MPH)
|
| Bottom of the 4th over - 0 runs, 0 hits, 0 errors, 0 left on base; Kannapolis 1 - Beloit 1 |
| TOP OF THE 5TH |
|
Kannapolis Intimidators batting - Pitching for Beloit Snappers : RHP Caleb Hansberger
|
|
Batting: RHB Toichiro Fujimoto
|
0-0: Ball 1-0: Ball 2-0: Ball 3-0: Called Strike 3-1: Base on Balls
|
|
Batting: SHB Noah Long
|
0-0: Fly out, F8 (Flyball, 8RM, EV 79.4 MPH)
|
|
Batting: RHB Santos Guadalupe
|
0-0: Ball 1-0: Foul Ball, location: 2F 1-1: Called Strike 1-2: Ball 2-2: Ball 3-2: Foul Ball, location: 2F 3-2: Fly out, F7 (Flyball, 7LS, EV 93.1 MPH)
|
|
Batting: LHB Jose Pereyra
|
0-0: Swinging Strike 0-1: Swinging Strike 0-2: Ball 1-2: Strikes out swinging
|
| Top of the 5th over - 0 runs, 0 hits, 0 errors, 1 left on base; Kannapolis 1 - Beloit 1 |
| BOTTOM OF THE 5TH |
|
Beloit Snappers batting - Pitching for Kannapolis Intimidators : RHP Jake Milligan
|
|
Batting: RHB Emiel Schlepers
|
0-0: SINGLE (Groundball, 4MD, EV 100.0 MPH)
|
|
Batting: RHB Manny Moron
|
0-0: Called Strike 0-1: Ball 1-1: Ball 2-1: SINGLE (Groundball, 4M, EV 104.4 MPH) (infield hit) Emiel Schlepers to second
|
|
Batting: RHB Moses Brokken
|
0-0: Ball 1-0: Swinging Strike 1-1: Ball 2-1: Swinging Strike 2-2: Fielders Choice at 2nd, 6-4 (Groundball, 56, EV 85.0 MPH) Emiel Schlepers to third
|
|
Batting: LHB Nate Melendez
|
0-0: Ball 1-0: Ball Moses Brokken steals 2nd base 2-0: Ground out U3 (Groundball, 34, EV 87.5 MPH)
|
|
Pitching: RHP Manny Cordova
|
|
|
Batting: RHB Rafael Alarcon
|
0-0: Foul Ball, location: 2F 0-1: Ground out U3 (Groundball, 34S, EV 80.6 MPH)
|
| Bottom of the 5th over - 0 runs, 2 hits, 0 errors, 2 left on base; Kannapolis 1 - Beloit 1 |
| TOP OF THE 6TH |
|
Kannapolis Intimidators batting - Pitching for Beloit Snappers : RHP Caleb Hansberger
|
|
Batting: RHB Kunimatsu Oya
|
0-0: Ground out 5-3 (Groundball, 56S, EV 65.6 MPH)
|
|
Batting: RHB Kaoru Hamada
|
0-0: Foul Ball, location: 2F 0-1: Foul Ball, location: 2F 0-2: Ground out 6-3 (Groundball, 6, EV 101.2 MPH)
|
|
Batting: RHB Tony Garcia
|
0-0: Foul Ball, location: 2F 0-1: SINGLE (Line Drive, 6D, EV 95.6 MPH)
|
|
Batting: LHB Jesus Ramirez
|
0-0: Ball 1-0: Ball 2-0: Swinging Strike 2-1: Foul Ball, location: 2F 2-2: Strikes out swinging
|
| Top of the 6th over - 0 runs, 1 hit, 0 errors, 1 left on base; Kannapolis 1 - Beloit 1 |
| BOTTOM OF THE 6TH |
|
Beloit Snappers batting - Pitching for Kannapolis Intimidators : RHP Manny Cordova
|
|
Batting: RHB Chris Temple
|
0-0: Swinging Strike 0-1: SINGLE (Line Drive, 9S, EV 88.8 MPH)
|
|
Batting: LHB Ed Talamantes
|
0-0: Called Strike 0-1: Called Strike 0-2: Ball 1-2: Ball 2-2: Ball 3-2: Ground out 5-3 (Groundball, 56, EV 105.6 MPH) Chris Temple to second
|
|
Batting: RHB Shannon Beck
|
0-0: Ball 1-0: Ground out 6-3 (Groundball, 6, EV 94.4 MPH)
|
|
Batting: LHB Marcus Pollard
|
0-0: Ground out 5-3 (Groundball, 56, EV 84.4 MPH)
|
| Bottom of the 6th over - 0 runs, 1 hit, 0 errors, 1 left on base; Kannapolis 1 - Beloit 1 |
| TOP OF THE 7TH |
|
Kannapolis Intimidators batting - Pitching for Beloit Snappers : RHP Caleb Hansberger
|
|
Batting: RHB Nick Kleckner
|
0-0: Called Strike 0-1: Ball 1-1: Called Strike 1-2: Ball 2-2: Ball 3-2: Strikes out looking
|
|
Batting: RHB Toichiro Fujimoto
|
0-0: Ball 1-0: Called Strike 1-1: Ground out 4-3 (Groundball, 4, EV 101.9 MPH)
|
|
Batting: SHB Noah Long
|
0-0: Ball 1-0: Called Strike 1-1: Called Strike 1-2: Strikes out swinging
|
| Top of the 7th over - 0 runs, 0 hits, 0 errors, 0 left on base; Kannapolis 1 - Beloit 1 |
| BOTTOM OF THE 7TH |
|
Beloit Snappers batting - Pitching for Kannapolis Intimidators : RHP Manny Cordova
|
|
Batting: RHB Emiel Schlepers
|
0-0: Foul Ball, location: 2F 0-1: Ball 1-1: Foul Ball, location: 2F 1-2: Ball 2-2: Ground out 4-3 (Groundball, 4M, EV 91.9 MPH)
|
|
Batting: RHB Manny Moron
|
0-0: Foul Ball, location: 2F 0-1: Swinging Strike 0-2: Ball 1-2: Strikes out swinging
|
|
Pinch Hitting: LHB Roscoe Romaine
|
0-0: Called Strike 0-1: Ground out 2-3 (Groundball, 13S, EV 70.0 MPH)
|
| Bottom of the 7th over - 0 runs, 0 hits, 0 errors, 0 left on base; Kannapolis 1 - Beloit 1 |
| TOP OF THE 8TH |
|
Kannapolis Intimidators batting - Pitching for Beloit Snappers : RHP Caleb Hansberger
|
|
Pitching: RHP Kyle Rasor
|
|
|
Now in RF: Walt Alaniz
|
|
|
Pinch Hitting: LHB Ryan Dyal
|
0-0: SINGLE (Flyball, 5D, EV 82.5 MPH)
|
|
Pinch Hitting: RHB Corey Dalton
|
0-0: Called Strike 0-1: Foul Ball, location: 2F 0-2: Ball 1-2: Ball 2-2: Foul Ball, location: 2F 2-2: Ball 3-2: Foul Ball, location: 2F 3-2: Foul Ball, location: 2F 3-2: Strikes out swinging
|
|
Pinch Hitting: LHB Raul Rojas
|
0-0: Called Strike 0-1: Fly out, F7 (Flyball, 7D, EV 101.9 MPH)
|
|
Pinch Hitting: SHB Andres Agudo
|
0-0: Called Strike 0-1: Ball 1-1: Called Strike 1-2: Foul Ball, location: 2F 1-2: Foul Ball, location: 2F 1-2: Ball 2-2: Strikes out swinging
|
| Top of the 8th over - 0 runs, 1 hit, 0 errors, 1 left on base; Kannapolis 1 - Beloit 1 |
| BOTTOM OF THE 8TH |
|
Beloit Snappers batting - Pitching for Kannapolis Intimidators : RHP Manny Cordova
|
|
Pitching: RHP Steve Friesner
|
|
|
Now at 2B: Ryan Dyal
|
|
|
Now at SS: Luwen Storm
|
|
|
Now in CF: Andres Agudo
|
|
|
Now in RF: Miguel Pacheco
|
|
|
Batting: LHB Nate Melendez
|
0-0: Swinging Strike 0-1: SINGLE (Flyball, 7LS, EV 91.9 MPH)
|
|
Batting: RHB Rafael Alarcon
|
0-0: Called Strike 0-1: Ball 1-1: Ball 2-1: Fly out, F6 (Popup, 15S, EV 79.4 MPH)
|
|
Batting: RHB Chris Temple
|
0-0: Called Strike 0-1: Ball 1-1: Ball 2-1: SINGLE (Groundball, 34D, EV 101.9 MPH) Nate Melendez to second Runner from 2nd tries for 3rd, SAFE, throw by RF made to third
|
|
Batting: LHB Ed Talamantes
|
0-0: Called Strike 0-1: Ball 1-1: Ball 2-1: Fly out, F8 (Line Drive, 8RM, EV 99.4 MPH)
|
|
Batting: RHB Shannon Beck
|
0-0: Ball 1-0: Ball 2-0: Ball 3-0: Base on Balls Chris Temple to second
|
|
Batting: LHB Marcus Pollard
|
0-0: DOUBLE (Line Drive, 78D, EV 106.2 MPH) Nate Melendez scores Chris Temple scores Shannon Beck to third
|
|
Batting: RHB Emiel Schlepers
|
0-0: Ball 1-0: Called Strike 1-1: Ball 2-1: Foul Ball, location: 2F 2-2: Strikes out swinging
|
| Bottom of the 8th over - 2 runs, 3 hits, 0 errors, 2 left on base; Kannapolis 1 - Beloit 3 |
| TOP OF THE 9TH |
|
Kannapolis Intimidators batting - Pitching for Beloit Snappers : RHP Kyle Rasor
|
|
Pitching: LHP Cory Yeary
|
|
|
Batting: RHB Tony Garcia
|
0-0: Called Strike 0-1: Foul Ball, location: 2F 0-2: Strikes out swinging passed ball, reaches first!
|
|
Batting: LHB Jesus Ramirez
|
0-0: Ball 1-0: Ball 2-0: Swinging Strike 2-1: Foul Ball, location: 2F 2-2: Ball Wild Pitch! Tony Garcia to second 3-2: Base on Balls
|
|
Batting: RHB Nick Kleckner
|
0-0: Ball 1-0: Swinging Strike 1-1: Ball 2-1: Swinging Strike 2-2: Foul Ball, location: 2F 2-2: SINGLE (Groundball, 56, EV 94.4 MPH) Tony Garcia to third Jesus Ramirez to second
|
|
Batting: RHB Toichiro Fujimoto
|
0-0: Ball 1-0: Ball 2-0: Called Strike 2-1: Ball 3-1: Called Strike 3-2: Base on Balls Tony Garcia scores Jesus Ramirez to third Nick Kleckner to second
|
|
Batting: SHB Noah Long
|
0-0: Swinging Strike 0-1: Called Strike 0-2: Ball 1-2: Ball Wild Pitch! Jesus Ramirez scores Nick Kleckner to third Toichiro Fujimoto to second 2-2: Fly out, F7 (Flyball, 7LM, EV 105.6 MPH)
|
|
Batting: LHB Ryan Dyal
|
0-0: Called Strike 0-1: Ball Wild Pitch! Nick Kleckner scores Toichiro Fujimoto to third 1-1: Called Strike 1-2: Foul Ball, location: 2F 1-2: Strikes out swinging
|
|
Batting: RHB Luwen Storm
|
0-0: Ball 1-0: Called Strike 1-1: Ball Wild Pitch! Toichiro Fujimoto scores 2-1: SINGLE (Groundball, 6MD, EV 101.2 MPH)
|
|
Pitching: RHP Marvin Rosas
|
|
|
Batting: RHB Miguel Pacheco
|
0-0: Ball 1-0: Foul Ball, location: 2F 1-1: Ball 2-1: Ball 3-1: Called Strike 3-2: Foul Ball, location: 2F 3-2: DOUBLE (Line Drive, 5D, EV 104.4 MPH) Luwen Storm to third Luwen Storm scores
|
|
Batting: SHB Andres Agudo
|
0-0: Called Strike 0-1: Ball 1-1: Ball 2-1: Fly out, F8 (Flyball, 78M, EV 83.1 MPH)
|
| Top of the 9th over - 5 runs, 3 hits, 0 errors, 1 left on base; Kannapolis 6 - Beloit 3 |
| BOTTOM OF THE 9TH |
|
Beloit Snappers batting - Pitching for Kannapolis Intimidators : RHP Steve Friesner
|
|
Pitching: LHP Ray Sowers
|
|
|
Batting: RHB Manny Moron
|
0-0: Called Strike 0-1: Ball 1-1: Swinging Strike 1-2: Strikes out swinging
|
|
Batting: RHB Walt Alaniz
|
0-0: Ball 1-0: SINGLE (Groundball, 4MD, EV 107.5 MPH)
|
|
Batting: LHB Nate Melendez
|
0-0: Called Strike 0-1: Ball 1-1: Fly out, F7 (Flyball, 78M, EV 90.0 MPH)
|
|
Batting: RHB Rafael Alarcon
|
0-0: Ball 1-0: Foul Ball, location: 2F 1-1: Fielders Choice at 2nd, 6-4 (Groundball, 6, EV 91.9 MPH)
|
| Bottom of the 9th over - 0 runs, 1 hit, 0 errors, 1 left on base; Kannapolis 6 - Beloit 3 |
|